 Dungeon Crawl Stone Soup version 0.31-a0-1001-g770356a28f (webtiles) character file.

Game seed: 12808896024740825930

144616 Dirtsage the Severer (level 16, -8/127 (138) HPs)
             Began as a Demonspawn Berserker on Nov 8, 2023.
             Was an Initiate of Makhleb.
             Engulfed by a fire giant's flame (11 damage)
             ... on level 1 of the Depths.
             The game lasted 00:55:46 (29225 turns).

Dirtsage the Severer (Demonspawn Berserker)        Turns: 29225, Time: 00:55:46

HP:   -8/127 (138)  AC: 35    Str: 26    XL:     16   Next: 85%
MP:   0/15          EV: 11    Int: 12    God:    Makhleb [......]
Gold: 620           SH:  8    Dex: 13    Spells: 15/15 levels left

rFire   x . .        a - +3 broad axe (elec)
rCold   + . .        U - +2 buckler
rNeg    . . .        Q - +9 plate armour of Shadows and Fog {Regen+ Slay-4 SInv}
rPois   .            W - +2 helmet
rElec   .            K - +2 cloak
rCorr   +            g - +0 pair of gloves
SInv    +            (boots unavailable)
Will    ++...        u - amulet of regeneration Stlth
                     G - ring "Amyepuku" {Ice rCorr Int+4}
HPRegen 2.01/turn    C - ring of resist corrosion
MPRegen 0.28/turn

%: guardian spirit
@: drained
A: hooves 3, icy blue scales 2, demonic guardian 2, robust 1, magic shield,
magic regeneration, magic link, low MP 1, strong-willed 1
a: Renounce Religion


You were on level 1 of the Depths.
You worshipped Makhleb.
Makhleb was noncommittal.
You visited 5 branches of the dungeon, and saw 24 of its levels.
You visited 1 bazaar.
You also visited: Ice Cave.

You collected 2648 gold pieces.
You spent 2028 gold pieces at shops.

Inventory:

Hand Weapons
 a - a +3 broad axe of electrocution (weapon)
 Y - a +0 antimagic broad axe
Missiles
 N - 2 curare-tipped darts
Armour
 g - a +0 pair of gloves (worn)
 K - a +2 cloak (worn)
 M - +0 acid dragon scales
 O - +0 swamp dragon scales
 Q - the +9 plate armour of Shadows and Fog (worn) {Regen+ Slay-4 SInv}
   (You took it off an orc on level 11 of the Dungeon)

   Slay-4:    It affects your accuracy & damage with ranged weapons and melee
   (-4).
   SInv:      It lets you see invisible.
   Regen+:    It increases your rate of health regeneration.
 U - a +2 buckler (worn)
 V - a +2 hat
 W - a +2 helmet (worn)
Jewellery
 i - a ring of fire
 u - an amulet of regeneration (around neck)
 C - a ring of resist corrosion (right hand)
 F - a ring of protection from fire
 G - the ring "Amyepuku" (left hand) {Ice rCorr Int+4}
   (You found it on level 7 of the Dungeon)

   [ring of ice]

   Ice:       It enhances your ice magic.
   Int+4:     It affects your intelligence (+4).
   rF-:       It makes you vulnerable to fire.
   rC+:       It protects you from cold.
   rCorr:     It protects you from acid and corrosion.
 I - a ring of protection from cold
 P - a ring of poison resistance
Wands
 f - a wand of flame (75)
 D - a wand of digging (28)
 J - a wand of polymorph (10)
 X - a wand of quicksilver (10)
Scrolls
 c - 3 scrolls of enchant armour
 j - 4 scrolls of revelation
 k - 5 scrolls of amnesia
 p - 5 scrolls of fog
 r - 5 scrolls of poison
 s - 6 scrolls of noise
 t - 12 scrolls of teleportation
 x - 4 scrolls of enchant weapon
 B - 4 scrolls of blinking
 E - 3 scrolls of vulnerability
 R - a scroll of summoning
 S - 2 scrolls of silence
 Z - 2 scrolls of immolation
Potions
 d - 4 potions of might
 e - 3 potions of lignification
 h - 2 potions of haste
 l - 4 potions of heal wounds
 m - 3 potions of enlightenment
 n - 2 potions of resistance
 o - 3 potions of invisibility
 q - 9 potions of curing
 v - 4 potions of magic
 w - 3 potions of cancellation
 z - 2 potions of mutation
 A - 6 potions of brilliance
 H - 2 potions of attraction
 T - 4 potions of berserk rage
Miscellaneous
 b - a condenser vane
 L - a sack of spiders


   Skills:
 + Level 11.5 Fighting
 + Level 18.4 Axes
 + Level 10.4 Armour
 + Level 10.3 Dodging
 + Level 9.9 Shields
 * Level 1.7 Invocations
 + Level 9.0 Shapeshifting


You had 15 spell levels left.
You didn't know any spells.
Your spell library contained the following spells:

 Spells                   Type           Power      Damage    Failure   Level
 Apportation              Tloc           0%         N/A       98%         1
 Foxfire                  Conj/Fire      0%         2x1d4     98%         1
 Shock                    Conj/Air       0%         1d3       98%         1
 Cigotuvi's Dreadful Rot  Necr/Pois/Air  0%         N/A       99%         2
 Ensorcelled Hibernation  Hex/Ice        0%         N/A       99%         2
 Jinxbite                 Hex            0%         N/A       99%         2
 Lesser Beckoning         Tloc           0%         N/A       99%         2
 Passwall                 Tmut/Erth      0%         N/A       99%         2
 Frozen Ramparts          Ice            0%         1d1       100%        3
 Gell's Gravitas          Tloc           0%         N/A       100%        3
 Ignite Poison            Fire/Tmut/Pois 0%         N/A       100%        3
 Inner Flame              Hex/Fire       0%         N/A       100%        3
 Swiftness                Air            0%         N/A       100%        3
 Teleport Other           Tloc           0%         N/A       100%        3
 Airstrike                Air            0%         2d(0-16)  100%        4
 Anguish                  Hex/Necr       0%         N/A       100%        4
 Animate Dead             Necr           0%         N/A       100%        4
 Flame Wave               Conj/Fire      0%         2d4       100%        4
 Petrify                  Tmut/Erth      0%         N/A       100%        4
 Sticky Flame             Conj/Fire      0%         2d3       100%        4
 Alistair's Intoxication  Tmut/Pois      0%         N/A       100%        5
 Freezing Cloud           Conj/Ice/Air   0%         6-21      100%        5
 Metabolic Englaciation   Hex/Ice        0%         N/A       100%        5
 Yara's Violent Unravell  Hex/Tmut       0%         3d3       100%        5
 Conjure Ball Lightning   Conj/Air       0%         3x3d6     100%        6
 Plasma Beam              Fire/Air       0%         2x1d10    100%        6
 Starburst                Conj/Fire      0%         6d3       100%        6
 Enfeeble                 Hex            0%         N/A       100%        7
 Discord                  Hex            0%         N/A       100%        8
 Disjunction              Tloc           0%         N/A       100%        8


Dungeon Overview and Level Annotations

Branches:
Dungeon (15/15)            Temple (1/1) D:4            Lair (5/5) D:11
  Swamp (0/4) Lair:2        Snake (0/4) Lair:3        Slime (0/5) Lair:4
    Orc (2/2) D:12            Elf (0/3) Orc:2        Vaults (0/5) D:14
 Depths (1/4) D:15          IceCv (visited)

Altars:
Ashenzari
Cheibriados
Dithmenos
Fedhas
Gozag
Hepliaklqana
Kikubaaqudgha
Makhleb
Nemelex Xobeh
Okawaru
Qazlal
Ru
Sif Muna
Trog
Uskayaw
Vehumet
Wu Jian
Xom
Yredelemnul
Jiyva

Shops:
D:4 (   D:5 *   D:11 *   Orc:1 (([(   Orc:2 **(=   Depths:1 ?

Portals:
Pandemonium: Orc:2

Annotations:
D:8 exclusion: orange crystal statue
Depths:1 3 runed translucent doors, Guam's ghost, adept HOMo; Haxzo's ghost, adept HOMo


Innate Abilities, Weirdness & Mutations

You have hooves in place of feet.
You are mostly covered in icy blue scales. (AC +3)
A demonic guardian rushes to your aid.
You are robust. (+10% HP)
When hurt, damage is shared between your health and your magic reserves.
You regenerate magic rapidly.
When low on magic, you restore magic in place of health.
Your magical capacity is low. (-10% MP)
You are strong-willed. (Will+)


Message History

You block the spriggan defender's attack.
You regained 2 hp, and now have 29/124 hp.
You miss the spriggan defender. Your kick misses the spriggan defender.
The spriggan defender is almost dead.
The spriggan defender hits you with a +1 flail of protection.
* * * LOW HITPOINT WARNING * * *
You take 3 damage, and have 26/124 hp.
You now have 11/15 mp.
The spriggan defender blocks your attack.
Your kick misses the spriggan defender.
The spriggan defender is almost dead.
The spriggan defender hits you with a +1 flail of protection.
* * * LOW HITPOINT WARNING * * *
A demonic guardian appears!
The spriggan defender hits you with a +1 flail of protection.
* * * LOW HITPOINT WARNING * * *
You take 7 damage, and have 19/124 hp.
You now have 9/15 mp.
You hit the spriggan defender but do no damage.
Lightning courses through the spriggan defender!
You kill the spriggan defender!
Makhleb accepts your kill.
Your soul eater hits the fire giant.
Throw: throwing net
Press: ? - help, Shift-Dir - straight line, f - fire giant
Aim: a fire giant, wielding a +1 great sword of flaming (lightly wounded, ally target, 80% to hit)
You throw a throwing net. The throwing net hits the fire giant.
The fire giant is caught in the net!
The fire giant is lightly wounded.
The fire giant points at you and mumbles some strange words.
The fireball explodes!
The fireball engulfs you!! The fire burns you terribly!
* * * LOW HITPOINT WARNING * * *
The fireball engulfs your soul eater!!
The tree burns like a torch!
The fire giant struggles against the net.
Your soul eater hits the fire giant but does no damage.
You take 19 damage, and have 3/127 hp.
You now have 2/15 mp.
Your soul eater hits the fire giant but does no damage.
You regained 2 mp, and now have 4/15 mp.
You slice the fire giant!!
The fire giant is moderately wounded.
You are engulfed in blazing flames.
You die...

♣♣♣ ♣.##.##
♣♣♣.♣♣
♣######
♣...i♣ #..
♣♣..♣..♣ ##.
♣))♣♣.i...
##
♣♣..♣♣♣.C..♣
♣♣)♣♣ ♣...♣
♣.C♣♣ ...♣
## ♣3@§♣ ..♣
#. ♣.§§♣ .♣
#. ♣.§§♣ #.
♣..♣♣ ###.
♣...♣ #...
♣..♣♣ #.##
♣♣..♣ ##.#
♣♣.♣♣ #..#
♣..♣♣ ##.##


You could see a fire giant (caught, ally target) and a friendly soul eater
(summoned).

Vanquished Creatures
  A walking crystal tome (Depths:1)
  A deep elf blademaster (Depths:1)
  A shadow dragon (Depths:1)
  Agnes (D:15)
  A frost giant (Depths:1)
  The ghost of Domino the Severer, a journeyman MiBe of Trog (Lair:4)
  A spriggan defender (Depths:1)
  A very ugly thing (Depths:1)
  2 stone giants
  A minotaur (Depths:1)
  Azrael (D:15)
  2 rakshasas (Depths:1)
  Josephine (D:11)
  Erolcha (Orc:2)
  A vault guard (D:14)
  5 hydras
  3 demonspawn (Orc:2)
  11 centaur warriors
  23 death yaks
  2 ironbound frosthearts (IceCv)
  7 boulder beetles
  2 catoblepae
  4 tengu warriors
  A death knight (D:15)
  A two-headed ogre (Orc:1)
  3 orc high priests (Orc:2)
  The ghost of Graknight the Protected, a novice GrFi of Okawaru (Orc:1)
  A skyshark (Lair:5)
  A sixfirhy (Orc:2)
  A phantasmal warrior (D:15)
  A swamp dragon (Lair:1)
  5 deep elf pyromancers
  6 orc knights
  A mana viper (shapeshifter) (D:13)
  8 ugly things
  8 orc sorcerers (Orc:2)
  2 wolf spiders
  4 manticores
  A shining eye (shapeshifter) (D:11)
  2 oklob plants
  A salamander (shapeshifter) (D:13)
  12 elephants
  8 cyclopes
  12 black mambas
  Maggie (D:9)
  An ice statue (IceCv)
  A gargoyle (D:12)
  A torpor snail (Lair:1)
  A guardian serpent (Lair:5)
  Jeremiah (D:9)
  17 cane toads
  3 kobold demonologists (D:12)
  2 unseen horrors
  12 komodo dragons
  5 rime drakes
  An efreet (D:15)
  A freezing wraith (D:15)
  A red devil (Orc:2)
  6 trolls
  10 polar bears
  A tyrant leech (Lair:2)
  2 hellwings (Orc:2)
  3 hornets
  13 dream sheep
  Prince Ribbit (D:7)
  17 blink frogs
  4 slime creatures
  A shadow (D:11)
  3 centaur simulacra
  15 wyverns
  65 yaks
  9 wraiths
  4 basilisks
  A water elemental (Depths:1)
  Grum (D:11)
  A vampire (D:11)
  A steam dragon (D:9)
  3 fire elementals (D:15)
  2 redbacks (Lair:5)
  5 neqoxecs (Orc:2)
  12 vampire mosquitoes
  5 nagas (Lair:3)
  2 acid dragons
  2 swamp worms (Lair:2)
  A warg (Orc:2)
  Duvessa (D:4)
  19 water moccasins
  2 hell hounds (D:15)
  A sky beast (D:5)
  A meliai simulacrum (D:14)
  42 orc warriors
  4 ice beasts (D:12)
  7 ogres
  35 wolves
  20 centaurs
  3 phantoms
  4 kobold brigands
  19 bullfrogs
  6 scorpions
  13 wights
  Dowan (D:4)
  5 killer bees
  A vampire bat (Lair:4)
  A howler monkey (D:7)
  2 electric eels
  4 quasits (Orc:2)
  3 lava snakes (D:8)
  7 hounds
  2 jellies (Lair:4)
  A gnoll bouda (D:6)
  Crazy Yiuf (D:2)
  2 sleepcaps
  24 orc priests
  4 iguanas
  24 orc wizards
  2 boggart simulacra (D:14)
  10 adders
  9 gnolls (D:6)
  7 white imps
  4 ufetubi
  2 worms
  3 dart slugs (D:1)
  87 orcs
  9 endoplasms
  6 giant cockroaches
  4 goblins
  19 hobgoblins
  2 jackals (D:1)
  4 quokkas
  7 ball pythons
  13 bats
  2 frilled lizards (D:1)
  16 kobolds
  3 rats
860 creatures vanquished.

Vanquished Creatures (collateral kills)
  The ghost of Nico3ck the Blocker, a journeyman FoFi of Okawaru (Orc:2)
  A fire dragon (Depths:1)
  A boulder beetle (Lair:3)
  A death yak (Lair:5)
  An orc high priest (Orc:2)
  4 ugly things (Depths:1)
  An elephant (Lair:3)
  A cane toad (Lair:5)
  2 komodo dragons (Lair:1)
  A polar bear (Lair:5)
  A blink frog (Lair:5)
  A slime creature (D:12)
  2 yaks (Lair:1)
  A fire elemental (D:15)
  An acid dragon (D:11)
  A black bear (Depths:1)
  2 electric eels (D:12)
23 creatures vanquished.

Vanquished Creatures (others)
  A wraith (D:14)
  A water elemental (D:14)
  A vampire mosquito (D:15)
  An electric eel (D:14)
4 creatures vanquished.

Grand Total: 887 creatures vanquished

Notes
Turn   | Place    | Note
-------+----------+-------------------------------------------
     0 | D:1      | Dirtsage the Demonspawn Berserker began the quest for the
                  | Orb.
     0 | D:1      | Reached XP level 1. HP: 18/18 MP: 1/1
   108 | D:1      | Reached skill level 3 in Axes
   126 | D:1      | Gained mutation: You have large cloven feet. [demonic
                  | ancestry]
   126 | D:1      | Reached XP level 2. HP: 18/24 MP: 2/2
   478 | D:1      | Reached XP level 3. HP: 29/29 MP: 3/3
   592 | D:1      | Reached skill level 4 in Axes
   990 | D:2      | Reached ** piety under Trog
  1225 | D:2      | Reached XP level 4. HP: 35/35 MP: 4/4
  1427 | D:2      | Identified the +2 mace "Kuebum" {flame, rElec Str+4}
  1820 | D:2      | Found a runed translucent door.
  1821 | D:2      | Noticed Crazy Yiuf
  1828 | D:2      | Killed Crazy Yiuf
  1829 | D:2      | Reached skill level 5 in Axes
  2212 | D:3      | Gained mutation: You have hoof-like feet. [demonic
                  | ancestry]
  2212 | D:3      | Reached XP level 5. HP: 35/41 MP: 5/5
  2864 | D:4      | Found a staircase to the Ecumenical Temple.
  2865 | D:4      | Noticed a phantom
  2892 | D:4      | Killed a phantom
  2893 | D:4      | Reached skill level 6 in Axes
  2893 | D:4      | Gained mutation: You regenerate magic rapidly. [demonic
                  | ancestry]
  2893 | D:4      | Reached XP level 6. HP: 42/47 MP: 6/6
  2914 | Temple   | Entered the Ecumenical Temple
  2976 | D:4      | Reached skill level 7 in Axes
  3023 | D:4      | Gained mutation: You have hooves in place of feet. [demonic
                  | ancestry]
  3023 | D:4      | Reached XP level 7. HP: 52/52 MP: 7/7
  3028 | D:4      | Noticed Duvessa
  3033 | D:4      | Noticed Dowan
  3076 | D:4      | Killed Duvessa
  3077 | D:4      | Killed Dowan
  3078 | D:4      | Reached skill level 8 in Axes
  3118 | D:4      | Found a snail-covered altar of Cheibriados.
  3142 | D:4      | Found Heqasir's Antique Weapon Shoppe.
  3190 | D:4      | Reached *** piety under Trog
  3429 | D:5      | Entered Level 5 of the Dungeon
  3498 | D:5      | Found Saacwecu's Assorted Antiques.
  3654 | D:5      | Reached skill level 9 in Axes
  3654 | D:5      | Reached XP level 8. HP: 56/58 MP: 8/8
  4327 | D:5      | Found a sparkling altar of Nemelex Xobeh.
  4538 | D:6      | Reached skill level 10 in Axes
  5181 | D:6      | Reached skill level 11 in Axes
  5299 | D:6      | Gained mutation: A weak demonic guardian rushes to your
                  | aid. [demonic ancestry]
  5299 | D:6      | Reached XP level 9. HP: 58/60 MP: 9/9
  5509 | D:6      | Reached **** piety under Trog
  5671 | D:7      | Found a shimmering blue altar of Sif Muna.
  5789 | D:7      | Noticed Prince Ribbit
  5803 | D:7      | Killed Prince Ribbit
  5804 | D:7      | Reached skill level 12 in Axes
  6043 | D:7      | Identified the ring "Amyepuku" {Ice rCorr Int+4}
  6737 | D:8      | Noticed an orange crystal statue
  6746 | D:8      | Reached skill level 13 in Axes
  7103 | D:8      | You fall into a shaft and drop 2 floors!
  7103 | D:10     | Entered Level 10 of the Dungeon
  7657 | D:8      | Noticed a komodo dragon
  7742 | D:9      | Noticed a troll
  7747 | D:9      | Killed a troll
  7748 | D:9      | Gained mutation: A demonic guardian rushes to your aid.
                  | [demonic ancestry]
  7748 | D:9      | Reached XP level 10. HP: 70/70 MP: 10/10
  7999 | D:9      | Noticed Jeremiah
  8017 | D:9      | Killed Jeremiah
  8178 | D:9      | Reached skill level 14 in Axes
  8546 | D:9      | Reached ***** piety under Trog
  8610 | D:9      | Noticed Maggie
  8617 | D:9      | Killed Maggie
  9046 | D:10     | Reached skill level 15 in Axes
  9884 | D:10     | Noticed an orc knight
  9897 | D:10     | Killed an orc knight
  9898 | D:10     | Gained mutation: You are partially covered in icy blue
                  | scales. (AC +2) [demonic ancestry]
  9898 | D:10     | Reached XP level 11. HP: 75/75 MP: 11/11
 10202 | D:11     | Noticed Grum
 10215 | D:11     | Killed Grum
 10320 | D:11     | Noticed a boulder beetle
 10321 | D:11     | Identified the +9 plate armour of Shadows and Fog {Regen+
                  | Slay-4 SInv}
 10336 | D:11     | Killed a boulder beetle
 10337 | D:11     | Reached skill level 1 in Shields
 10337 | D:11     | Reached skill level 1 in Shapeshifting
 10500 | D:11     | Found Houcicko's Assorted Antiques.
 10506 | D:11     | Bought a scroll of identify for 60 gold pieces
 10506 | D:11     | Bought a scroll labelled AHIUCLOANT for 30 gold pieces
 10855 | D:11     | a snapping turtle changed into a shining eye
 10855 | D:11     | Noticed a shining eye (shapeshifter)
 10857 | D:11     | Gained mutation: You occasionally lose the ability to drink
                  | potions when taking damage. [a shining eye]
 10858 | D:11     | Gained mutation: You are frail. (-10% HP) [a shining eye]
 10860 | D:11     | Killed a shining eye
 10912 | D:11     | Noticed Josephine
 10922 | D:11     | Killed Josephine
 10923 | D:11     | Reached skill level 16 in Axes
 11670 | D:11     | Found a staircase to the Lair.
 11693 | Lair:1   | Entered Level 1 of the Lair of Beasts
 11918 | Lair:1   | Gained mutation: You are mostly covered in icy blue scales.
                  | (AC +3) [demonic ancestry]
 11918 | Lair:1   | Reached XP level 12. HP: 69/76 MP: 12/12
 11922 | Lair:1   | Reached skill level 5 in Fighting
 12201 | Lair:1   | Identified the +3 battleaxe "Faofitaret" {heavy, rN++}
                  | (Trog gifted it to you on level 1 of the Lair of Beasts)
 12201 | Lair:1   | Received a gift from Trog
 12537 | Lair:1   | Found a transporter.
 12694 | Lair:1   | Found a transporter.
 12945 | Lair:1   | Reached skill level 5 in Armour
 12945 | Lair:1   | Reached skill level 5 in Dodging
 13410 | Lair:2   | Noticed a seven-headed hydra
 13417 | Lair:2   | Killed a nine-headed hydra
 13887 | Lair:2   | Found a hide-covered altar of Uskayaw.
 13918 | Lair:2   | Reached skill level 5 in Shields
 14235 | Lair:2   | Noticed a six-headed hydra
 14236 | Lair:2   | Found a staircase to the Swamp.
 14236 | Lair:2   | Noticed an eight-headed hydra
 14244 | Lair:2   | Killed a 12-headed hydra
 14245 | Lair:2   | Gained mutation: When hurt, damage is shared between your
                  | health and your magic reserves. [demonic ancestry]
 14245 | Lair:2   | Reached XP level 13. HP: 26/85 MP: 13/13
 14844 | Lair:3   | Reached skill level 5 in Shapeshifting
 15420 | Lair:3   | Found a staircase to the Snake Pit.
 15974 | Lair:4   | Identified the "Xueskeg"
 16413 | Lair:4   | Found a viscous altar of Jiyva.
 16413 | Lair:4   | Found a staircase to the Slime Pits.
 16489 | Lair:4   | Reached skill level 17 in Axes
 16647 | Lair:4   | Found a transporter.
 16654 | Lair:4   | Identified the +7 quarterstaff "Soekecyej" {flame, rF+ rC-
                  | Str+2 Dex+7}
 16715 | Lair:4   | Found a transporter.
 16763 | Lair:4   | Noticed Domino's ghost (journeyman MiBe)
 16822 | Lair:4   | Reached XP level 14. HP: 85/94 MP: 9/14
 16824 | Lair:4   | Received a gift from Trog
 17281 | Lair:4   | Killed Domino's ghost
 17631 | Lair:5   | Entered Level 5 of the Lair of Beasts
 18753 | Lair:5   | Received a gift from Trog
 18764 | Lair:5   | HP: 1/97 [death yak (10)]
 20090 | D:12     | Gained mutation: When low on magic, you restore magic in
                  | place of health. [demonic ancestry]
 20090 | D:12     | Reached XP level 15. HP: 73/102 MP: 12/15
 20485 | D:12     | Found a staircase to the Orcish Mines.
 20807 | D:12     | Identified the +1 long sword "Orb Guardian's Curse" {heavy,
                  | Str+4}
 21406 | Orc:1    | Entered Level 1 of the Orcish Mines
 21406 | Orc:1    | Found Qaami's Antique Weapon Emporium.
 21417 | Orc:1    | Received a gift from Trog
 21623 | Orc:1    | Found a transporter.
 21628 | Orc:1    | Found Bagenkig's Antique Weapon Emporium.
 21632 | Orc:1    | Found a transporter.
 21837 | Orc:1    | Found Qoam's Antique Weapon Boutique.
 21843 | Orc:1    | Found a runed translucent door.
 21863 | Orc:1    | Noticed Graknight's ghost (novice GrFi)
 21873 | Orc:1    | Killed Graknight's ghost
 21902 | Orc:1    | Identified the +2 pair of boots of Panentheism {Str+5}
 21916 | Orc:1    | Found Velotis's Antique Armour Emporium.
 21932 | Orc:1    | Bought a pair of polished gloves for 323 gold pieces
 21932 | Orc:1    | Identified the +1 pair of gloves of Death Resistance {rF-
                  | MP+9 Stlth+} (You bought it in a shop on level 1 of the
                  | Orcish Mines)
 22212 | Orc:2    | Entered Level 2 of the Orcish Mines
 22282 | Orc:2    | Found a staircase to the Elven Halls.
 22299 | Orc:2    | Noticed Erolcha
 22308 | Orc:2    | Killed Erolcha
 22421 | Orc:2    | Found Rudecoul's General Store.
 22423 | Orc:2    | Found Ziufe's General Store.
 22575 | Orc:2    | Found a transporter.
 22578 | Orc:2    | Noticed Nico3ck's ghost (journeyman FoFi)
 22602 | Orc:2    | Reached ****** piety under Trog
 22936 | Orc:2    | Bought a scroll of teleportation for 39 gold pieces
 22936 | Orc:2    | Bought a wand of digging (4) for 218 gold pieces
 22938 | Orc:2    | Bought a potion of haste for 100 gold pieces
 22938 | Orc:2    | Bought a scroll of teleportation for 30 gold pieces
 22938 | Orc:2    | Bought a scroll of blinking for 75 gold pieces
 22975 | Orc:2    | Paralysed by an orc sorcerer for 2 turns
 22980 | Orc:2    | Received a gift from Trog
 23027 | Orc:2    | Reached skill level 10 in Fighting
 23855 | Orc:2    | Found Sygid's Jewellery Shoppe.
 23855 | Orc:2    | Found Wishedu's Antique Weapon Emporium.
 23856 | Orc:2    | Found a one-way gate leading to the halls of Pandemonium.
 23862 | Orc:2    | Bought a ring of poison resistance for 240 gold pieces
 23862 | Orc:2    | Bought an amulet of regeneration for 360 gold pieces
 23944 | Orc:2    | Found a transporter.
 24073 | Orc:2    | Killed Nico3ck's ghost
 24092 | Orc:2    | Got the ring of the Prince of Darkness {Int+6 Dex+3}
 24095 | Orc:2    | Identified the +1 dagger of the Heavens {flame, rC+ Str+4
                  | Int+2}
 24366 | D:13     | Found a frozen archway.
 24401 | IceCv    | Entered an ice cave
 24506 | IceCv    | Received a gift from Trog
 24736 | IceCv    | Reached skill level 18 in Axes
 24808 | IceCv    | Identified the +6 shortbow "Rian" {flame, Int+3}
 24820 | IceCv    | Lost mutation: You are frail. (-10% HP) [demonic ancestry]
 24820 | IceCv    | Gained mutation: You are robust. (+10% HP) [demonic
                  | ancestry]
 24820 | IceCv    | Reached XP level 16. HP: 106/136 MP: 11/16
 25916 | D:14     | Found a flickering gateway to a bazaar.
 25927 | Bazaar   | Entered a bazaar
 25927 | Bazaar   | Found Xuenn's Antique Armour Emporium.
 25934 | Bazaar   | Found Vyraraur's Distillery.
 25954 | Bazaar   | Found Zunaiguh's General Store.
 25965 | Bazaar   | Found Ownetaxu's Antique Weapon Shop.
 25973 | Bazaar   | Found Suing's Jewellery Shop.
 26007 | Bazaar   | Bought a scroll of teleportation for 42 gold pieces
 26007 | Bazaar   | Bought a scroll of teleportation for 42 gold pieces
 26007 | Bazaar   | Bought a scroll of identify for 28 gold pieces
 26020 | Bazaar   | Bought a potion of might for 68 gold pieces
 26020 | Bazaar   | Bought a potion of haste for 170 gold pieces
 26020 | Bazaar   | Bought a potion of might for 68 gold pieces
 26020 | Bazaar   | Bought a potion of attraction for 51 gold pieces
 26104 | D:14     | Lost mutation: You occasionally lose the ability to drink
                  | potions when taking damage. [potion of mutation]
 26104 | D:14     | Gained mutation: You are strong-willed. (Will+) [potion of
                  | mutation]
 26104 | D:14     | Gained mutation: Your magical capacity is low. (-10% MP)
                  | [potion of mutation]
 26461 | D:14     | Received a gift from Trog
 26679 | D:14     | Found a gate to the Vaults.
 27074 | D:15     | Entered Level 15 of the Dungeon
 27189 | D:15     | Reached skill level 10 in Armour
 27374 | D:15     | Reached skill level 10 in Dodging
 27517 | D:15     | Noticed Azrael
 27535 | D:15     | Killed Azrael
 27609 | D:15     | Identified the +3 ring mail "Tolie" {Dex+6}
 27744 | D:15     | Found a staircase to the Depths.
 27920 | D:15     | Noticed Agnes
 27939 | D:15     | Killed Agnes
 28392 | Temple   | Fell from the grace of Trog
 28392 | Temple   | Became a worshipper of Makhleb the Destroyer
 28755 | WizLab   | Identified the "Voezuizi"
 28755 | WizLab   | Identified the of Tazxabur
 28755 | Vaults:5 | Identified the of Pigrad
 28755 | Vaults:5 | Identified the "Jyrhui Lesu"
 28755 | Crypt:3  | Identified the "Fekuokor"
 28755 | Depths:1 | Entered Level 1 of the Depths
 28768 | Depths:1 | Noticed a walking crystal tome
 28785 | Depths:1 | Killed a walking crystal tome
 28848 | Depths:1 | Found Wuxt's Magic Scroll Boutique.
 28933 | Depths:1 | Bought a scroll of teleportation for 42 gold pieces
 28933 | Depths:1 | Bought a scroll of teleportation for 42 gold pieces
 28939 | Depths:1 | Found a runed translucent gate.
 28940 | Depths:1 | Found a runed translucent gate.
 28941 | Depths:1 | Found a runed translucent gate.
 28942 | Depths:1 | Noticed a lich
 28943 | Depths:1 | Found an ancient bone altar of Kikubaaqudgha.
 28943 | Depths:1 | Noticed a lich
 28943 | Depths:1 | Noticed a dread lich
 28943 | Depths:1 | Noticed Guam's ghost (adept HOMo)
 28943 | Depths:1 | Noticed Haxzo's ghost (adept HOMo)
 28969 | Depths:1 | Noticed a shadow dragon
 29004 | Depths:1 | Killed a shadow dragon
 29108 | Depths:1 | Noticed a deep elf blademaster
 29136 | Depths:1 | Killed a deep elf blademaster
 29137 | Depths:1 | Reached skill level 1 in Invocations
 29223 | Depths:1 | HP: 3/127 [fire giant/fireball (21)]
 29225 | Depths:1 | Engulfed by a fire giant's flame

Illustrated notes

Levels and vault maps discovered:
D:1:      scummos_arrival_gate, layout_loops_ring,
          hangedman_abyss_or_decor_lesser_grid
D:2:      layout_loops_ring, minmay_unequal, uniq_crazy_yiuf_cottage
D:3:      layout_basic
D:4:      layout_rooms, cheibriados_altar_1,
          minmay_temple_entry_statues_fountains, serial_shops,
          nicolae_shop_overgrown_old_shop, dk_noncrumbling_4,
          nicolae_the_louvre, uniq_duvessa
D:5:      wander_river, layout_cave_pools, mainiacjoe_overflow_two_lobes,
          serial_shops, shop
D:6:      layout_loops_ring, billiards_dpeg
D:7:      minmay_inner_zag, layout_basic, nicolae_overflow_crystal_walls,
          uniq_prince_ribbit1
D:8:      layout_basic, minmay_misc_feat_alley, disabler_island
D:9:      layout_roguey, uniq_maggie, uniq_jeremiah
D:10:     cheibrodos_orc_bank, layout_cave_pods, serial_column_ruins,
          column_ruins_hut_ruined, column_ruins_open_tiny,
          column_ruins_corridor_straight, column_ruins_grid_1,
          column_ruins_grid_1, column_ruins_open_medium, column_ruins_grid_3
D:11:     kennysheep_blocky_room, layout_loops_cross, david_lair_shrubbed,
          serial_shops, shop_fountains, uniq_josephine, uniq_grum
D:12:     minmay_chambers_of_sixes, layout_irregular_city, orc_0_dummy,
          serial_ice, serial_ice_d, serial_ice_k, serial_ice_f, serial_ice_g
D:13:     layout_basic, portal_ice_cave_entry_pillars_2, minmay_shattered_shrine
D:14:     layout_loops_ring, david_vaults_5, minmay_stone_trees_medium,
          special_room [special_room_orc], serial_shops, freezing_bzr,
          serial_ice, serial_ice_j, serial_ice_m, serial_ice_n, serial_ice_a
D:15:     grunt_enter_depths_giant_problem, layout_gridville, uniq_agnes,
          uniq_azrael
Temple:   regret_index_temple_mists
Lair:1:   gammafunk_cloud_chamber, layout_cave_pods
Lair:2:   layout_cave_pods, palyth_hydra_swamp_entry, basic_altar,
          serial_bayou_shore_a, infiniplex_staircase_pool_2, lemuel_fruit_tree
Lair:3:   layout_chaotic_city, minmay_snake_entry_guardpost_medium,
          hibernation_bobbens
Lair:4:   layout_loops_ring, minmay_slime_entry_pillars, nzn_ghost_randoct,
          serial_bayou_pond_d, roderic_batcave
Lair:5:   hangedman_lair_tendril_chambers, layout_regular_city
Orc:1:    layout_caves, ebering_ghost_reflecting_pool, serial_shops,
          nicolae_shop_waterfront, nicolae_shop_trees, shop,
          nicolae_shop_drivethru
Orc:2:    pf_orc_diabolical, layout_caves, gammafunk_ghost_stat_death,
          nicolae_orc_damp_corner, uniq_erolcha
Depths:1: layout_cave_pools, serial_shops, shop_scrolls, hell_entry,
          nicolae_lava_and_water, gammafunk_ghost_crypt,
          wheals_unrand_guarded_autumn_katana

Skill      XL: |  1  2  3  4  5  6  7  8  9 10 11 12 13 14 15 16 |
---------------+-------------------------------------------------+-----
Axes           | 3 4 5 6 7 9 11 13 15 16 17 18 | 18.4
Armour         | 3 5 7 8 9 10 | 10.4
Dodging        | 3 5 7 8 9 10 | 10.3
Shields        | 3 5 6 7 9 |  9.9
Shapeshifting  | 2 4 5 7 8 9 |  9.0
Fighting       | 4 6 8 9 10 11 | 11.5
Invocations    | 1 |  1.7

Action                     |  1- 3 |  4- 6 |  7- 9 | 10-12 | 13-15 | 16-18 || total
---------------------------+-------+-------+-------+-------+-------+-------++-------
  Melee: Hand axe          |   119 |   156 |   206 |       |       |       ||   481
         Kick              |    19 |    42 |    84 |   150 |   407 |   158 ||   860
         Punch             |       |     1 |     3 |       |       |       ||     4
         Battleaxe         |       |       |   134 |   516 |   703 |       ||  1353
         Broad axe         |       |       |       |       |   297 |   493 ||   790
         War axe           |       |       |       |       |   174 |       ||   174
  Throw: Throwing net      |       |       |       |       |     1 |     1 ||     2
 Invoke: Berserk           |     1 |     3 |     6 |    13 |    20 |     3 ||    46
         Trog's Hand       |       |       |       |       |     1 |       ||     1
         Brothers in Arms  |       |       |       |       |     1 |       ||     1
    Use: Scroll            |       |       |     7 |     5 |    10 |     4 ||    26
         Potion            |       |       |       |       |     2 |     3 ||     5
   Stab: Sleeping          |     1 |       |       |       |       |       ||     1
         Distracted        |       |       |       |       |       |     3 ||     3
 Armour: Animal skin       |    56 |       |       |       |       |       ||    56
         Ring mail         |    24 |    82 |   240 |    13 |       |       ||   359
         Swamp dragon scal |       |       |       |   411 |   743 |       ||  1154
         Acid dragon scale |       |       |       |    51 |       |       ||    51
         Plate armour      |       |       |       |       |   218 |   564 ||   782
  Dodge: Dodged            |    87 |    77 |   186 |   323 |   689 |   194 ||  1556
  Block: Buckler           |       |       |       |       |   183 |   207 ||   390

Table legend: (Time is in decaauts)
 A = Elapsed time spent in this place.
 B = Non-inter-level travel time spent in this place.
 C = Inter-level travel time spent in this place.
 D = Time resting spent in this place.
 E = Time spent auto-exploring this place.
 F = Levels seen in this place.
 G = Mean time per level.
                   A        B        C        D        E       F      G
               +--------+--------+--------+--------+--------+-----+--------+
         Total |  29365 |  27916 |   1449 |   2245 |  20702 |  26 | 1129.4 |
       Dungeon |  17244 |  16070 |   1174 |    959 |  12508 |  15 | 1149.6 |
        Temple |     27 |      4 |     23 |      0 |      0 |   1 |   27.0 |
          Lair |   8099 |   7920 |    179 |    745 |   5932 |   5 | 1619.8 |
  Orcish Mines |   2703 |   2631 |     72 |    393 |   1694 |   2 | 1351.5 |
        Depths |    429 |    429 |      0 |     94 |    134 |   1 |  429.0 |
        Bazaar |    134 |    134 |      0 |      0 |     41 |   1 |  134.0 |
      Ice Cave |    726 |    726 |      0 |     52 |    392 |   1 |  726.0 |
               +--------+--------+--------+--------+--------+-----+--------+

Top non-repeatable levels by time:
  Lair:5: 2042 daAuts
   Orc:2: 1850 daAuts
    D:12: 1804 daAuts
    D:11: 1788 daAuts
  Lair:2: 1693 daAuts
  Lair:4: 1686 daAuts
  Lair:1: 1454 daAuts
     D:6: 1268 daAuts
     D:9: 1249 daAuts
  Lair:3: 1223 daAuts
    D:10: 1222 daAuts
     D:8: 1174 daAuts
     D:2: 1096 daAuts
    D:15: 1084 daAuts
    D:14: 1065 daAuts
